Map: 雷鸟-天梯版

Players

DnS - Winner!

  • Race: Protoss Protoss
  • Spawn Location: 11:00

Sakura

  • Race: Protoss Protoss
  • Spawn Location: 5:00

Event: 2019 WCS Summer

VOD

Have the link to the VOD?

Description

Time

  • Played on: July 12, 2019, 6:43 a.m.
  • Length: 7:32

All games in this series

Show
View Real Time Build Order
Export as new Build Order

DnS Protoss - Winner!

Build Orders: Phoenix Opening 

Get SALT Encoding   

  12  0:00  Probe  
  13  0:12  Probe  
  14  0:17  Pylon  
  14  0:23  Probe  
  15  0:31  Probe  
  15  0:36  Gateway  
  15  0:40  Probe  
  16  0:45  Assimilator  
  17  0:51  Probe  
  17  0:53  Assimilator  
  18  1:00  Probe  
  19  1:06  Gateway  
  19  1:08  Probe  
  19  1:17  Probe  
  20  1:23  Cybernetics Core  
  21  1:29  Probe  
  22  1:32  Pylon  
  22  1:41  Probe  
  23  1:49  Warp Gate  
  23  1:53  Probe  
  24  1:59  Stalker, Sentry  
  28  2:07  Pylon  
  28  2:30  Stalker x2  
  28  2:34  Phoenix  
  31  2:43  Robotics Facility  
  31  3:00  Sentry  
  31  3:03  Nexus  
  34  3:05  Probe  
  35  3:22  Pylon  
  35  3:27  Immortal  
  35  3:41  Stalker x2  
  41  3:57  Warp Prism  
  41  4:04  Sentry  
  41  4:07  Stalker  
  47  4:12  Shield Battery  
  47  4:22  Probe  
  47  4:23  Probe, Phoenix  
  49  4:35  Probe x2  
  49  4:40  Immortal  
  49  4:47  Probe x2  
  55  5:02  Pylon  
  55  5:07  Stalker  
  55  5:12  Stalker  
  39  5:38  Immortal  
  39  5:39  Stalker  
  39  5:40  Stalker  
  47  5:50  Shield Battery  
  47  5:52  Pylon  
  47  6:03  Shield Battery  
  47  6:07  Stalker, Sentry  
  51  6:17  Immortal  
  51  6:19  Pylon  
  48  6:36  Stalker  
  45  6:55  Stalker  
  47  7:04  Stalker  
  47  7:05  Probe  
  47  7:08  Probe  
  51  7:24  Pylon  
  51  7:27  Stalker  
Show
View Real Time Build Order
Export as new Build Order

Sakura Protoss 

Build Orders:  

Get SALT Encoding   

  12  0:01  Probe  
  13  0:13  Probe  
  14  0:18  Pylon  
  14  0:25  Probe  
  15  0:33  Probe  
  15  0:40  Gateway  
  15  0:41  Probe  
  16  0:43  Assimilator  
  17  0:52  Probe  
  17  0:55  Assimilator  
  18  1:00  Probe  
  18  1:07  Gateway  
  18  1:08  Probe  
  20  1:19  Probe  
  21  1:27  Cybernetics Core  
  21  1:31  Probe  
  22  1:35  Pylon  
  22  1:43  Probe  
  23  2:03  Stalker x2, Warp Gate  
  23  2:08  Pylon  
  28  2:22  Probe  
  28  2:33  Stalker x2  
  31  2:37  Robotics Facility  
  31  2:46  Gateway  
  31  3:03  Stalker x2  
  35  3:13  Warp Prism  
  35  3:15  Pylon  
  35  3:19  Shield Battery  
  37  3:54  Stalker x3  
  41  4:00  Observer  
  40  4:04  Twilight Council  
  40  4:16  Pylon  
  40  4:22  Adept x3  
  40  4:23  Resonating Glaives  
  46  4:54  Adept  
  46  4:55  Adept x2  
  50  5:19  Adept x2  
  42  5:40  Adept x3  
  48  5:47  Pylon  
  48  6:01  Adept x3  
  42  6:28  Adept x3  
  34  6:50  Dark Shrine  
  34  6:52  Adept x3  
  40  7:14  Adept x2  
  40  7:15  Adept  
Tags
 
Add a new tag
Caveats
  • Supply blocks, unpowered buildings, or Contaminate may cause inaccurate times.
  • Supply counts are checked every 10 seconds.